Map: Blueshift LE

Players

INject

  • Race: Terran Terran
  • League: Platinum
  • Spawn Location: 7:00

Chosen - Winner!

  • Race: Zerg Zerg
  • League: Gold
  • Spawn Location: 1:00

VOD

Have the link to the VOD?

Description

tvz mutas

Time

  • Played on: Jan. 5, 2019, 5:12 a.m.
  • Length: 14:57
Show
View Real Time Build Order
Export as new Build Order

INject Terran 

Build Orders: Reaper Expand 

Get SALT Encoding   

  12  0:00  SCV  
  13  0:12  SCV  
  14  0:17  Supply Depot  
  14  0:25  SCV  
  15  0:38  SCV  
  15  0:39  Barracks  
  16  0:44  Refinery  
  16  0:50  SCV  
  17  1:03  SCV  
  18  1:15  SCV  
  19  1:28  Orbital Command, Reaper  
  20  1:43  Command Center  
  20  1:54  Barracks  
  20  1:58  SCV  
  21  2:03  Barracks Reactor  
  21  2:09  Supply Depot  
  21  2:12  SCV  
  22  2:16  Refinery  
  22  2:24  SCV  
  22  2:36  SCV  
  23  2:38  Factory  
  23  2:43  Barracks Tech Lab  
  23  2:44  Marine x2  
  23  2:50  SCV  
  26  2:56  Orbital Command  
  26  3:02  SCV, Marine  
  28  3:06  Stimpack  
  28  3:14  SCV, Marine  
  30  3:23  SCV  
  30  3:26  SCV  
  32  3:28  Starport  
  32  3:29  Factory Reactor  
  32  3:32  Marine  
  32  3:33  Marine  
  34  3:35  SCV  
  34  3:38  SCV  
  36  3:46  Marine, Supply Depot  
  36  3:47  SCV  
  38  3:50  Marine  
  38  3:51  SCV  
  40  3:56  Marine  
  40  3:59  SCV  
  42  4:03  SCV, Marine  
  37  4:22  Marine x2  
  33  4:28  SCV  
  28  4:34  Marine  
  29  4:39  Command Center, Supply Depot  
  29  4:40  SCV, Marine  
  29  4:41  Marine  
  32  5:00  SCV  
  32  5:01  Marine x2  
  32  5:02  Orbital Command  
  34  5:26  Medivac x2, Supply Depot  
  38  5:31  Marine x3  
  41  5:38  Factory Reactor  
  41  5:43  Engineering Bay  
  41  5:48  Supply Depot  
  41  5:49  Marine x2  
  43  5:50  SCV  
  43  5:53  Marine  
  45  5:59  Orbital Command  
  45  6:10  SCV x2  
  47  6:11  Marine  
  47  6:15  Supply Depot  
  48  6:18  Supply Depot  
  48  6:21  Supply Depot  
  48  6:22  SCV  
  48  6:23  SCV  
  48  6:24  Widow Mine  
  52  6:29  Refinery  
  52  6:30  SCV  
  52  6:32  Missile Turret  
  53  6:34  SCV  
  53  6:35  SCV  
  53  6:36  Missile Turret  
  55  6:42  SCV  
  55  6:43  Refinery  
  55  6:47  SCV, Marine x2  
  57  6:53  SCV  
  59  6:55  Combat Shield  
  59  6:58  SCV, Widow Mine  
  59  6:59  SCV  
  59  7:00  Marine  
  64  7:05  Liberator  
  64  7:07  SCV  
  65  7:10  SCV  
  65  7:11  SCV  
  65  7:13  Terran Infantry Weapons Level 1  
  65  7:14  Engineering Bay  
  70  7:23  SCV x2  
  70  7:25  Supply Depot  
  70  7:28  SCV  
  73  7:32  Marine x2  
  73  7:35  SCV  
  76  7:39  Armory  
  76  7:42  Barracks  
  76  7:47  SCV  
  76  7:48  SCV  
  78  7:53  Factory Tech Lab  
  78  7:57  Marine x3  
  74  8:15  Marine x3  
  69  8:20  Medivac  
  69  8:21  Medivac  
  69  8:25  Orbital Command  
  73  8:29  Missile Turret  
  73  8:32  Barracks  
  73  8:33  Marine x5, Siege Tank  
  81  8:38  Missile Turret  
  81  8:39  Missile Turret  
  80  8:50  Marine  
  80  8:51  Marine x4  
  85  8:57  Liberator  
  82  9:05  Siege Tank  
  82  9:08  Marine x3  
  82  9:09  Marine x2  
  87  9:11  Supply Depot  
  87  9:14  Medivac  
  92  9:26  Marine x3  
  87  9:34  Marine x2  
  87  9:37  Siege Tank  
  66  9:44  Marine x3  
  62  9:52  Marine x2  
  54  10:02  Marine x3  
  57  10:10  Marine x2  
  58  10:16  SCV  
  58  10:20  Marine x3  
  62  10:28  SCV, Marine x2  
  41  10:37  Marine x2  
  41  10:40  SCV  
  39  10:45  Marine  
  39  10:46  Marine  
  39  10:47  Marine  
  2  13:46  Orbital Command  
Show
View Real Time Build Order
Export as new Build Order

Chosen Zerg - Winner!

Build Orders: Hatch First, Muta Ling Bane 

Get SALT Encoding   

  12  0:00  Drone  
  13  0:13  Overlord  
  13  0:21  Drone  
  14  0:31  Drone  
  14  0:32  Drone  
  16  0:37  Drone  
  17  0:52  Hatchery  
  17  0:56  Drone  
  17  1:09  Spawning Pool  
  16  1:14  Drone  
  16  1:15  Extractor  
  16  1:18  Drone  
  17  1:25  Overlord  
  17  1:30  Drone  
  18  1:49  Drone  
  19  1:56  Queen  
  19  1:58  Zergling x2  
  22  2:02  Zergling x2  
  22  2:04  Queen  
  22  2:07  Overlord  
  25  2:14  Drone  
  26  2:17  Metabolic Boost  
  26  2:25  Drone x2  
  27  2:31  Zergling x2  
  27  2:33  Drone  
  29  2:39  Drone  
  30  2:45  Queen  
  32  2:57  Drone x3  
  35  3:00  Drone  
  36  3:08  Drone x3  
  36  3:09  Overlord  
  39  3:25  Zergling x8  
  39  3:26  Hatchery  
  42  3:27  Drone  
  42  3:32  Drone  
  45  3:34  Drone  
  45  3:39  Zergling x6  
  48  3:49  Drone x2  
  48  3:52  Extractor  
  48  3:53  Extractor  
  48  3:54  Extractor  
  48  3:55  Zergling x6  
  48  3:56  Zergling x2  
  48  4:02  Drone  
  51  4:09  Zergling x4  
  51  4:22  Overlord x2  
  51  4:23  Overlord x2  
  51  4:37  Drone  
  52  4:39  Overlord x3, Queen  
  52  4:42  Drone x4  
  52  4:43  Drone x2  
  57  4:58  Drone x3  
  56  5:00  Drone  
  56  5:01  Lair  
  56  5:02  Drone  
  56  5:04  Baneling Nest  
  57  5:09  Drone x2  
  57  5:11  Drone x3  
  57  5:23  Zergling x12  
  57  5:24  Evolution Chamber x2  
  61  5:31  Drone, Extractor  
  61  5:32  Extractor  
  61  5:33  Drone x2  
  61  5:34  Drone  
  63  5:39  Zergling x4  
  65  5:46  Drone x3  
  68  5:51  Zerg Ground Armor Level 1, Zerg Melee Weapons Level 1  
  68  5:54  Zergling x2  
  68  5:55  Zergling x8  
  73  6:00  Spire  
  72  6:10  Overseer  
  72  6:13  Drone  
  72  6:14  Drone x3  
  76  6:19  Zergling x2  
  76  6:20  Zergling x10  
  76  6:21  Drone  
  83  6:29  Drone x3  
  86  6:39  Baneling  
  86  6:40  Baneling x6  
  86  6:41  Baneling x6  
  86  6:45  Overlord x2  
  86  6:46  Overlord, Hatchery  
  85  6:52  Zergling x12  
  89  6:57  Spine Crawler  
  89  6:59  Spine Crawler  
  87  7:02  Spine Crawler  
  86  7:11  Burrow  
  86  7:13  Mutalisk  
  86  7:14  Mutalisk x4  
  96  7:25  Overlord x2  
  96  7:28  Mutalisk x2  
  100  7:36  Mutalisk  
  102  7:49  Mutalisk x2  
  106  7:52  Zergling x2  
  106  7:54  Drone  
  106  7:55  Drone x7  
  115  8:11  Mutalisk x2  
  119  8:13  Overlord x2  
  119  8:14  Drone x6  
  125  8:20  Baneling x2  
  125  8:21  Baneling x2  
  125  8:22  Queen  
  125  8:24  Spine Crawler  
  125  8:25  Zerg Melee Weapons Level 2  
  126  8:34  Extractor x2  
  125  8:41  Centrifical Hooks  
  123  8:53  Mutalisk  
  123  8:54  Mutalisk x2  
  127  9:14  Zergling x2  
  127  9:15  Zergling x28  
  142  9:17  Baneling x4  
  135  9:34  Zergling x2  
  135  9:35  Zergling x6  
  128  9:45  Zergling x8  
  129  9:53  Zergling x8  
  132  10:01  Mutalisk  
  132  10:02  Mutalisk x3  
  132  10:04  Zerg Flyer Weapons Level 1  
  132  10:05  Zerg Ground Armor Level 2  
  140  10:09  Drone, Infestation Pit  
  140  10:10  Drone x3, Hydralisk Den  
  131  10:33  Mutalisk x6  
  137  10:45  Zergling x2  
  137  10:46  Zergling x20  
  137  10:49  Hive  
  145  10:51  Drone  
  145  10:52  Drone  
  145  10:56  Mutalisk x2  
  149  11:00  Drone  
  149  11:02  Drone  
  151  11:12  Zergling x6  
  151  11:15  Pathogen Glands  
  151  11:17  Grooved Spines  
  151  11:18  Drone x3  
  157  11:29  Hatchery  
  156  11:59  Extractor  
  155  12:02  Extractor  
  154  12:51  Adrenal Glands, Ultralisk Cavern  
  153  13:22  Queen  
  153  13:24  Drone x3  
  158  14:00  Drone x6  
  158  14:02  Overlord x6  
Tags
 
Add a new tag
Caveats
  • Supply blocks, unpowered buildings, or Contaminate may cause inaccurate times.
  • Supply counts are checked every 10 seconds.